Map: [ESL] Goldenaura

Players

RedpackCuKu (CuKu)

  • Race: Terran Terran
  • League: Master
  • Spawn Location: 12:00

Astrea - Winner!

  • Race: Protoss Protoss
  • League: Master
  • Spawn Location: 5:00

Event: HomeStory Cup XXIV

VOD

Have the link to the VOD?

Description

Time

  • Played on: Dec. 1, 2023, 11:52 a.m.
  • Length: 9:56

All games in this series

Show
View Real Time Build Order
Export as new Build Order

RedpackCuKu Terran 

Build Orders:  

Get SALT Encoding   

  12  0:00  SCV  
  13  0:12  SCV  
  14  0:19  Supply Depot  
  14  0:24  SCV  
  15  0:40  SCV  
  15  0:41  Barracks  
  16  0:46  Refinery  
  16  0:52  SCV  
  16  0:55  Refinery  
  17  1:05  Supply Depot  
  17  1:06  SCV  
  18  1:19  SCV  
  19  1:29  Reaper  
  19  1:32  Orbital Command  
  20  1:45  Factory  
  20  1:58  SCV  
  21  2:01  Barracks Reactor  
  21  2:10  SCV  
  22  2:21  Command Center  
  22  2:24  SCV  
  23  2:36  SCV  
  24  2:45  Hellion  
  24  2:46  Hellion  
  24  2:47  Supply Depot  
  24  2:48  SCV  
  29  2:57  Barracks Tech Lab, Starport  
  29  3:02  SCV  
  30  3:09  Hellion  
  30  3:12  Hellion  
  34  3:16  SCV  
  35  3:33  Viking  
  38  3:35  Orbital Command  
  37  3:42  Barracks  
  37  3:45  Siege Tank  
  40  3:50  Marine x2  
  42  3:57  Barracks  
  42  4:04  Viking  
  42  4:08  Marine x2  
  46  4:15  Supply Depot  
  46  4:21  Siege Tank  
  49  4:26  Supply Depot  
  49  4:29  Marine x2  
  49  4:30  Marine  
  52  4:38  Liberator  
  55  4:44  Marine  
  56  4:47  Marine x2  
  56  4:48  Marine  
  59  4:56  Siege Tank  
  62  5:02  Marine  
  62  5:05  Marine x2  
  62  5:06  Marine  
  66  5:19  Marine  
  66  5:20  Supply Depot  
  67  5:23  Marine x2  
  67  5:24  Marine  
  70  5:29  Liberator  
  70  5:31  Siege Tank  
  76  5:37  Marine  
  76  5:40  Marine  
  76  5:41  Marine  
  76  5:42  Marine  
  80  5:55  Marine  
  77  5:58  Marine  
  77  5:59  Marine  
  77  6:00  Marine  
  80  6:10  Siege Tank  
  82  6:16  Marine  
  82  6:17  Marine  
  76  6:20  Marine  
  76  6:32  Bunker  
  75  6:35  Bunker  
  74  6:46  Marine  
  64  6:47  Marine x3  
  64  6:49  Siege Tank  
  66  7:03  Liberator  
  66  7:04  Marine  
  66  7:05  Marine x3  
  72  7:16  Bunker  
  72  7:22  Marine x2  
  73  7:23  Marine x2  
  74  7:39  Marine  
  74  7:40  Marine  
  74  7:41  Marine x2  
  74  7:45  SCV x2  
  71  7:52  Bunker  
  71  7:57  Marine  
  63  7:58  Marine x2  
  63  7:59  Marine  
  50  8:11  SCV x2  
  42  8:14  Siege Tank  
  42  8:15  Marine  
  42  8:16  Marine x3  
  47  8:23  Liberator  
  50  8:33  Marine  
  50  8:34  Marine x3  
  54  8:46  Siege Tank  
  56  8:51  Marine  
  56  8:52  Marine x3  
  59  8:56  SCV  
  60  9:06  SCV  
  60  9:07  Liberator  
  60  9:08  SCV  
  60  9:09  Marine x2  
  63  9:10  Marine x2  
  66  9:18  Siege Tank  
  69  9:26  Marine  
  69  9:27  Marine  
  69  9:28  Marine x2  
Show
View Real Time Build Order
Export as new Build Order

Astrea Protoss - Winner!

Build Orders: 1 Gate Expand, Phoenix Opening, Chargelot Immortal 

Get SALT Encoding   

  12  0:00  Probe  
  13  0:12  Probe  
  14  0:17  Pylon  
  14  0:24  Probe (Chrono Boost)  
  16  0:36  Gateway, Probe (Chrono Boost)  
  16  0:43  Probe (Chrono Boost)  
  16  0:45  Assimilator  
  17  0:51  Probe  
  18  1:03  Probe  
  19  1:15  Probe  
  20  1:20  Nexus  
  20  1:29  Cybernetics Core  
  20  1:33  Probe  
  20  1:38  Assimilator  
  21  1:45  Probe  
  22  1:48  Pylon  
  22  1:57  Probe  
  23  2:05  Sentry (Chrono Boost)  
  23  2:07  Warp Gate (Chrono Boost)  
  23  2:08  Shield Battery  
  25  2:09  Probe  
  26  2:19  Stalker (Chrono Boost)  
  26  2:21  Probe  
  29  2:28  Gateway  
  29  2:29  Phoenix  
  29  2:32  Probe (Chrono Boost)  
  31  2:39  Probe (Chrono Boost)  
  31  2:44  Probe (Chrono Boost)  
  32  2:49  Probe (Chrono Boost), Stalker  
  32  2:50  Probe (Chrono Boost)  
  36  2:59  Probe  
  36  3:00  Probe  
  36  3:05  Robotics Facility  
  38  3:11  Probe  
  40  3:12  Probe  
  40  3:16  Pylon  
  40  3:17  Stalker (Chrono Boost)  
  42  3:23  Probe  
  42  3:25  Probe  
  44  3:28  Shield Battery  
  44  3:35  Probe  
  44  3:37  Probe  
  44  3:41  Pylon  
  46  3:47  Probe  
  47  3:49  Stalker  
  47  3:50  Probe  
  47  3:51  Stalker  
  47  3:53  Observer (Chrono Boost)  
  53  3:57  Twilight Council  
  53  3:58  Assimilator  
  53  3:59  Probe  
  53  4:02  Assimilator, Probe  
  55  4:08  Pylon  
  55  4:11  Probe, Stalker  
  55  4:14  Probe  
  59  4:17  Stalker  
  61  4:25  Pylon  
  61  4:26  Probe  
  61  4:28  Probe  
  63  4:33  Charge  
  63  4:38  Nexus  
  63  4:42  Pylon  
  63  4:46  Probe  
  63  4:49  Templar Archives  
  65  4:59  Zealot x2, Phoenix  
  69  5:04  Gateway  
  68  5:09  Immortal (Chrono Boost), Shield Battery  
  68  5:10  Psionic Storm  
  71  5:16  Gateway  
  71  5:21  Zealot  
  71  5:23  Zealot  
  76  5:46  High Templar x2  
  79  5:53  Immortal  
  77  6:01  Gateway  
  77  6:03  Zealot  
  78  6:07  Gateway  
  78  6:11  Shield Battery  
  78  6:17  Stalker  
  74  6:18  Zealot x2  
  74  6:21  Shield Battery  
  74  6:24  Pylon  
  77  6:29  Zealot  
  77  6:32  Immortal (Chrono Boost)  
  77  6:41  Stalker x2  
  77  6:42  Stalker  
  65  6:51  High Templar  
  67  6:58  Zealot  
  69  7:02  High Templar  
  69  7:05  High Templar, Zealot x2  
  76  7:12  Immortal (Chrono Boost)  
  80  7:18  Pylon  
  80  7:19  Pylon  
  80  7:21  Pylon  
  80  7:24  Zealot x2  
  76  7:38  Pylon x2  
  76  7:41  Zealot x4  
  84  7:50  Zealot x2  
  88  7:56  Immortal (Chrono Boost)  
  76  8:03  Zealot x2  
  64  8:14  Templar Archives  
  64  8:15  Probe x2  
  66  8:28  Nexus  
  66  8:32  Probe x2  
  68  8:46  Probe x2  
  71  8:48  Observer  
  71  8:55  Stalker x3  
  73  8:58  Probe x2  
  73  9:09  High Templar x3  
  78  9:10  Probe x2  
  78  9:12  Observer  
  81  9:20  Pylon  
  81  9:22  Probe x2  
  83  9:30  High Templar, Zealot x2  
  89  9:34  Probe x2  
  93  9:45  Shield Battery  
  93  9:46  Shield Battery  
  87  9:53  Stalker x2  
Tags
 
Add a new tag
Caveats
  • Supply blocks, unpowered buildings, or Contaminate may cause inaccurate times.
  • Supply counts are checked every 10 seconds.